Falcons vs Pirates

Created - Wednesday, November 05, 2014 at 23:06

Goals
1 2 3 OT1 SO T
Falcons 1 0 0 0 2 2
Pirates 0 0 1 0 1 1
Shots
1 2 3 OT1 SO T
Falcons 11 6 11 2 4 30
Pirates 2 4 11 5 4 22

1st period

1. Falcons , Matt Ellis 6 (Jordan Weal, Troy Grosenick) at 14:27

Penalties :
Mike Komisarek (POR) for Roughing (Minor) at 0:44, Chris Thorburn (SPR) for Interference (Minor) at 11:28, Brandon Segal (POR) for Hooking (Minor) at 15:24

2nd period

No Goal

Penalties :
Tyson Strachan (SPR) for Interference (Minor) at 2:50

3rd period

2. Pirates , Markus Granlund 3 (Ryan Craig, David Steckel) at 2:37

Penalties :
Ryan Craig (POR) for Roughing (Minor) at 0:21, Tyson Strachan (SPR) for Roughing (Minor) at 4:41, Tyson Strachan (SPR) for Cross-checking (Minor) at 8:42

Overtime #1

No Goal

Penalties :
No Penalty

Shootout

Penalty Shot by Drew Shore for Falcons - Shot Misses the Net
Penalty Shot by Bobby Butler for Pirates - Shot Misses the Net
Penalty Shot by Jeff Taffe for Falcons - Goal!
Penalty Shot by Gilbert Brule for Pirates - Goal!
Penalty Shot by Chris Thorburn for Falcons - Stopped by Mike McKenna
Penalty Shot by David Steckel for Pirates - Stopped by Troy Grosenick
Penalty Shot by Austin Watson for Falcons - Goal!
Penalty Shot by Markus Granlund for Pirates - Stopped by Troy Grosenick

Penalties :
No Penalty

Goalie Stats

Troy Grosenick (SPR), 21 saves from 22 shots - (0.955), W, 4-8-0, 65:00 minutes
Mike McKenna (POR), 29 saves from 30 shots - (0.967), OTL, 2-0-1, 65:00 minutes

Players Stats for Falcons

Player Name              G  A  P  +/- PIM S  H  SB GA TA FO     MP     PP MP  PK MP  
------------------------------------------------------------------------------------
Adam Pardy               0  0  0   0  0   0  3  2  1  2  0/0    25:53   3:44   4:16 
Austin Watson            0  0  0  -1  0   0  1  1  0  0  4/9    19:36   3:02   1:56 
Brian Connelly           0  0  0  -1  0   2  1  1  0  0  0/0    23:29   2:13   3:40 
Brian Dumoulin           0  0  0   1  0   0  1  1  0  2  0/0    19:54   0:00   4:16 
Cal O'Reilly             0  0  0   0  0   0  0  1  2  1  4/5     9:10   0:00   0:00 
Chris Thorburn           0  0  0   0  2   6  8  0  2  1  0/1    17:06   2:55   1:29 
Drew Shore               0  0  0   0  0   1  1  1  0  1  10/20  24:05   2:55   4:22 
Jeff Hoggan              0  0  0   1  0   1  1  0  0  1  0/0    16:37   0:00   1:38 
Jeff Taffe               0  0  0   0  0   3  3  0  1  0  0/0    21:28   2:55   6:00 
Jordan Weal              0  1  1   1  0   3  1  0  0  0  3/7    18:15   0:00   0:00 
Kevin Connauton          0  0  0  -1  0   4  2  1  5  1  0/0    24:49   2:13   3:40 
Matt Ellis               1  0  1   1  0   1  0  0  1  0  0/2    13:50   0:00   0:00 
Mattias Tedenby          0  0  0   0  0   0  0  0  0  0  0/0     0:00   0:00   0:00 
Mitch Callahan           0  0  0  -1  0   0  0  0  1  0  0/0    16:27   3:02   0:00 
Philip Varone            0  0  0   0  0   0  0  0  1  0  0/0     8:29   0:00   0:27 
Quinton Howden           0  0  0  -1  0   6  2  0  2  0  1/1    16:27   3:02   0:00 
Radek Martinek           0  0  0   1  0   0  0  1  2  2  0/0    18:17   0:00   0:00 
Tyson Strachan           0  0  0   0  6   3  5  0  1  0  0/0    18:08   3:44   0:00 

Players Stats for Pirates

Player Name              G  A  P  +/- PIM S  H  SB GA TA FO     MP     PP MP  PK MP  
------------------------------------------------------------------------------------
Aaron Rome               0  0  0   0  0   1  0  0  1  0  0/0    23:00   3:03   1:43 
Alex Broadhurst          0  0  0   0  0   0  0  0  0  0  0/0     0:00   0:00   0:00 
Andrew Alberts           0  0  0   0  0   1  0  1  0  1  0/0    22:38   3:03   1:43 
Bobby Butler             0  0  0  -1  0   2  3  2  2  2  4/8    25:30   3:22   3:33 
Brandon Segal            0  0  0   0  2   2  1  1  2  0  0/0    19:43   3:58   0:00 
David Steckel            0  1  1   1  0   4  3  0  1  0  6/9    20:19   3:46   1:14 
Eric Tangradi            0  0  0   0  0   0  0  0  1  0  0/0    18:16   3:46   0:00 
Gilbert Brule            0  0  0   0  0   0  0  0  0  0  3/7    24:35   3:22   3:45 
Hal Gill                 0  0  0   0  0   2  2  1  0  3  0/0    27:41   4:53   4:14 
Henrik Tommernes         0  0  0   0  0   0  0  2  0  2  0/0    14:41   0:00   0:00 
Markus Granlund          1  0  1   0  0   2  1  2  6  1  6/11   15:29   0:00   1:14 
Mike Komisarek           0  0  0   0  2   0  1  2  0  1  0/0    26:27   4:53   3:07 
Nick Johnson             0  0  0   0  0   2  0  1  0  0  0/0    17:21   0:36   0:23 
Peter Holland            0  0  0   0  0   4  1  0  3  0  3/9    16:21   0:48   0:22 
Ryan Craig               0  1  1   1  2   1  1  1  0  0  0/0    12:29   4:10   0:00 
Ryan Stoa                0  0  0  -1  0   1  1  0  1  0  1/1    13:35   0:00   1:23 
Tobias Rieder            0  0  0   0  0   0  0  0  0  0  0/0     0:00   0:00   0:00 
Vincent LoVerde          0  0  0   0  0   0  0  1  0  0  0/0    15:55   0:00   1:07 

3 Stars

1 - Mike McKenna (POR)
2 - Troy Grosenick (SPR)
3 - Matt Ellis (SPR)

Power Play

Falcons - 0 on 3 Attempt(s) - 0.00%
Pirates - 0 on 4 Attempt(s) - 0.00%

Penalty Kill

Falcons - 4 on 4 Attempt(s) - 100.00% - Score 0 goal in Penalty Kill
Pirates - 3 on 3 Attempt(s) - 100.00% - Score 0 goal in Penalty Kill

Official

Referees : Unknown
Linesman : Unknown

Game Notes

No Game Note

Finance

Level 1 -- Attendance: 1609 (80.45%) -- Ticket Income $56,315
Level 2 -- Attendance: 728 (72.80%) -- Ticket Income $10,920
Total Attendance: 2337 (77.90%)
Total Ticket Income: $67,235
Other Income: $32,945
Total Income: $100,180

Falcons

5 vs 5 Forward 
   Center                   Left Wing                Right Wing               Time % Phy DF OF 
 1 Drew Shore               Jeff Taffe               Chris Thorburn           35     1   2  2  
 2 Austin Watson            Quinton Howden           Mitch Callahan           30     1   2  2  
 3 Jordan Weal              Jeff Hoggan              Matt Ellis               22     1   2  2  
 4 Cal O'Reilly             Philip Varone            Drew Shore               13     1   2  2  

5 vs 5 Defense 
   Defense                  Defense                                           Time % Phy DF OF 
 1 Tyson Strachan           Adam Pardy                                        35     1   2  2  
 2 Kevin Connauton          Brian Connelly                                    30     1   2  2  
 3 Radek Martinek           Brian Dumoulin                                    22     1   2  2  
 4 Adam Pardy               Kevin Connauton                                   13     1   2  2  

PowerPlay Forward 
   Center                   Left Wing                Right Wing               Time % Phy DF OF 
 1 Drew Shore               Jeff Taffe               Chris Thorburn           60     1   2  2  
 2 Austin Watson            Quinton Howden           Mitch Callahan           40     1   2  2  

PowerPlay Defense
   Defense                  Defense                                           Time % Phy DF OF 
 1 Tyson Strachan           Adam Pardy                                        60     1   2  2  
 2 Kevin Connauton          Brian Connelly                                    40     1   2  2  

Penalty Kill 4 Players Forward 
   Center                   Wing                     Time % Phy DF OF 
 1 Drew Shore               Jeff Taffe               60     1   2  2  
 2 Chris Thorburn           Austin Watson            40     1   2  2  

Penalty Kill 4 Players Defense
   Defense                  Defense                  Time % Phy DF OF 
 1 Brian Dumoulin           Adam Pardy               60     1   2  2  
 2 Kevin Connauton          Brian Connelly           40     1   2  2  

Penalty Kill - 3 Players Forward 
   Forward                                           Time % Phy DF OF 
 1 Drew Shore                                        60     1   2  2  
 2 Jeff Taffe                                        40     1   2  2  

Penalty Kill - 3 Players Defense
   Defense                  Defense                  Time % Phy DF OF 
 1 Tyson Strachan           Adam Pardy               60     1   2  2  
 2 Kevin Connauton          Brian Connelly           40     1   2  2  

4 vs 4 Forward 
   Center                   Wing                     Time % Phy DF OF 
 1 Drew Shore               Jeff Taffe               60     1   2  2  
 2 Chris Thorburn           Austin Watson            40     1   2  2  

4 vs 4 Defense
   Defense                  Defense                  Time % Phy DF OF 
 1 Radek Martinek           Adam Pardy               60     1   2  2  
 2 Kevin Connauton          Brian Connelly           40     1   2  2  

Last Minutes Offensive
   Center                   Left Wing                Right Wing               Defense                  Defense                  
   Drew Shore               Jeff Taffe               Chris Thorburn           Tyson Strachan           Adam Pardy               

Last Minutes Defensive
   Center                   Left Wing                Right Wing               Defense                  Defense                  
   Drew Shore               Jeff Taffe               Chris Thorburn           Tyson Strachan           Adam Pardy               

Goaltenders
Starting : Troy Grosenick           
Backup : Farm Player77            

Extra Forwards
Normal : Jordan Weal, Cal O'Reilly, Jeff Hoggan - PP : Jordan Weal, Cal O'Reilly - PK : Jeff Hoggan
Extra Defensemen
Normal : Radek Martinek, Brian Dumoulin, Adam Pardy - PP : Radek Martinek - PK : Brian Dumoulin, Adam Pardy
Penalty Shots
Drew Shore, Jeff Taffe, Chris Thorburn, Austin Watson, Jordan Weal

Pirates

5 vs 5 Forward 
   Center                   Left Wing                Right Wing               Time % Phy DF OF 
 1 Gilbert Brule            Ryan Craig               Bobby Butler             35     1   2  2  
 2 David Steckel            Eric Tangradi            Brandon Segal            30     1   2  2  
 3 Markus Granlund          Nick Johnson             Bobby Butler             22     1   2  2  
 4 Peter Holland            Ryan Stoa                Gilbert Brule            13     1   2  2  

5 vs 5 Defense 
   Defense                  Defense                                           Time % Phy DF OF 
 1 Hal Gill                 Mike Komisarek                                    35     1   2  2  
 2 Aaron Rome               Andrew Alberts                                    30     1   2  2  
 3 Henrik Tommernes         Vincent LoVerde                                   22     1   2  2  
 4 Hal Gill                 Mike Komisarek                                    13     1   2  2  

PowerPlay Forward 
   Center                   Left Wing                Right Wing               Time % Phy DF OF 
 1 Gilbert Brule            Ryan Craig               Bobby Butler             60     1   2  2  
 2 David Steckel            Eric Tangradi            Brandon Segal            40     1   2  2  

PowerPlay Defense
   Defense                  Defense                                           Time % Phy DF OF 
 1 Hal Gill                 Mike Komisarek                                    60     1   2  2  
 2 Aaron Rome               Andrew Alberts                                    40     1   2  2  

Penalty Kill 4 Players Forward 
   Center                   Wing                     Time % Phy DF OF 
 1 Bobby Butler             Gilbert Brule            60     1   2  2  
 2 David Steckel            Markus Granlund          40     1   2  2  

Penalty Kill 4 Players Defense
   Defense                  Defense                  Time % Phy DF OF 
 1 Hal Gill                 Mike Komisarek           60     1   2  2  
 2 Aaron Rome               Andrew Alberts           40     1   2  2  

Penalty Kill - 3 Players Forward 
   Forward                                           Time % Phy DF OF 
 1 Bobby Butler                                      60     1   2  2  
 2 Gilbert Brule                                     40     1   2  2  

Penalty Kill - 3 Players Defense
   Defense                  Defense                  Time % Phy DF OF 
 1 Hal Gill                 Mike Komisarek           60     1   2  2  
 2 Aaron Rome               Andrew Alberts           40     1   2  2  

4 vs 4 Forward 
   Center                   Wing                     Time % Phy DF OF 
 1 Bobby Butler             Gilbert Brule            60     1   2  2  
 2 David Steckel            Markus Granlund          40     1   2  2  

4 vs 4 Defense
   Defense                  Defense                  Time % Phy DF OF 
 1 Hal Gill                 Mike Komisarek           60     1   2  2  
 2 Aaron Rome               Andrew Alberts           40     1   2  2  

Last Minutes Offensive
   Center                   Left Wing                Right Wing               Defense                  Defense                  
   Gilbert Brule            Ryan Craig               Bobby Butler             Hal Gill                 Mike Komisarek           

Last Minutes Defensive
   Center                   Left Wing                Right Wing               Defense                  Defense                  
   Gilbert Brule            Ryan Craig               Bobby Butler             Hal Gill                 Mike Komisarek           

Goaltenders
Starting : Mike McKenna             
Backup : Malcolm Subban           

Extra Forwards
Normal : Peter Holland, Nick Johnson, Ryan Stoa - PP : Peter Holland, Nick Johnson - PK : Ryan Stoa
Extra Defensemen
Normal : Henrik Tommernes, Vincent LoVerde, Aaron Rome - PP : Henrik Tommernes - PK : Vincent LoVerde, Aaron Rome
Penalty Shots
Bobby Butler, Gilbert Brule, David Steckel, Markus Granlund, Brandon Segal

% Time on Ice - Falcons

Lines # - Real PCT - Wanted PCT - Time Play
Normal Forward
1 - 22% - 35% - 10:07
2 - 31% - 30% - 14:08
3 - 30% - 22% - 13:50
4 - 17% - 13% - 8:02
Normal Defense
1 - 30% - 35% - 13:54
2 - 33% - 30% - 15:15
3 - 34% - 22% - 15:38
4 - 3% - 13% - 1:20
PP Forward
1 - 49% - 60% - 2:55
2 - 51% - 40% - 3:02
PP Defense
1 - 63% - 60% - 3:44
2 - 37% - 40% - 2:13
PK Forward
1 - 76% - 60% - 6:00
2 - 24% - 40% - 1:56
PK Defense
1 - 54% - 60% - 4:16
2 - 46% - 40% - 3:40
PK3 Forward
1 - 0% - 60%
2 - 0% - 40%
PK3 Defense
1 - 0% - 60%
2 - 0% - 40%
44 Forward
1 - 90% - 60% - 4:30
2 - 10% - 40% - 0:30
44 Defense
1 - 53% - 60% - 2:39
2 - 47% - 40% - 2:21
Last Minute Offensive  - 0:00
Last Minute Defensive  - 0:00
Total
Forward - 65:00
Defense - 65:00

% Time on Ice - Pirates

Lines # - Real PCT - Wanted PCT - Time Play
Normal Forward
1 - 17% - 35% - 7:49
2 - 32% - 30% - 14:47
3 - 28% - 22% - 13:02
4 - 23% - 13% - 10:29
Normal Defense
1 - 31% - 35% - 14:06
2 - 34% - 30% - 15:40
3 - 32% - 22% - 14:41
4 - 4% - 13% - 1:40
PP Forward
1 - 53% - 60% - 4:10
2 - 47% - 40% - 3:46
PP Defense
1 - 62% - 60% - 4:53
2 - 38% - 40% - 3:03
PK Forward
1 - 79% - 60% - 4:43
2 - 21% - 40% - 1:14
PK Defense
1 - 71% - 60% - 4:14
2 - 29% - 40% - 1:43
PK3 Forward
1 - 0% - 60%
2 - 0% - 40%
PK3 Defense
1 - 0% - 60%
2 - 0% - 40%
44 Forward
1 - 89% - 60% - 4:28
2 - 11% - 40% - 0:32
44 Defense
1 - 56% - 60% - 2:48
2 - 44% - 40% - 2:12
Last Minute Offensive  - 0:00
Last Minute Defensive  - 0:00
Total
Forward - 65:00
Defense - 65:00

Play by Play

1st period


0:01 of 1st period - Bobby Butler wins face-off versus Drew Shore in neutral zone.
0:44 of 1st period - Minor Penalty to Mike Komisarek for Roughing.
0:45 of 1st period - Austin Watson wins face-off versus Bobby Butler in Pirates zone.
1:06 of 1st period - Slapshot by Kevin Connauton.
1:06 of 1st period - Deflect By Quinton Howden.
1:06 of 1st period - Stopped by Mike McKenna with a rebound.
1:51 of 1st period - Hal Gill is hit by Chris Thorburn and loses puck.
2:08 of 1st period - Bobby Butler is hit by Quinton Howden and loses puck.
2:27 of 1st period - Snap shot by Jeff Taffe.
2:27 of 1st period - Stopped by Mike McKenna with a rebound.
2:29 of 1st period - Backhand shot by Adam Pardy.
2:29 of 1st period - Deflect By Jeff Taffe.
2:29 of 1st period - Shot Misses the Net.
2:29 of 1st period - Puck is out of play.
2:30 of 1st period - Drew Shore wins face-off versus Bobby Butler in Pirates zone.
2:31 of 1st period - Wrist shot by Chris Thorburn.
2:31 of 1st period - Stopped by Mike McKenna with a rebound.
2:33 of 1st period - Slapshot by Adam Pardy.
2:33 of 1st period - Shot Blocked by Vincent LoVerde.
2:35 of 1st period - Snap shot by Drew Shore.
2:35 of 1st period - Deflect By Jeff Taffe.
2:35 of 1st period - Shot Misses the Net.
2:35 of 1st period - Puck is out of play.
2:36 of 1st period - Gilbert Brule wins face-off versus Drew Shore in Pirates zone.
2:44 of 1st period - Penalty to Mike Komisarek is over, Mike Komisarek is back on ice.
3:39 of 1st period - Snap shot by Markus Granlund.
3:39 of 1st period - Deflect By Tyson Strachan.
3:39 of 1st period - Shot Misses the Net.
3:39 of 1st period - Puck is out of play.
3:40 of 1st period - Markus Granlund wins face-off versus Austin Watson in Falcons zone.
3:43 of 1st period - Snap shot by Markus Granlund.
3:43 of 1st period - Shot Misses the Net.
5:22 of 1st period - Drew Shore is hit by David Steckel and loses puck.
5:35 of 1st period - Slapshot by Tyson Strachan.
5:35 of 1st period - Stopped by Mike McKenna with a rebound.
5:43 of 1st period - Adam Pardy is hit by Bobby Butler and loses puck.
6:39 of 1st period - Wrist shot by Cal O'Reilly.
6:39 of 1st period - Shot Blocked by Andrew Alberts.
7:09 of 1st period - Wrist shot by Jordan Weal.
7:09 of 1st period - Stopped by Mike McKenna with a rebound.
7:11 of 1st period - Slapshot by Brian Connelly.
7:11 of 1st period - Stopped by Mike McKenna without a rebound.
7:12 of 1st period - Markus Granlund wins face-off versus Jordan Weal in Pirates zone.
7:17 of 1st period - Snap shot by Jeff Hoggan.
7:17 of 1st period - Shot Blocked by Bobby Butler.
7:37 of 1st period - Snap shot by Nick Johnson.
7:37 of 1st period - Stopped by Troy Grosenick with a rebound.
9:26 of 1st period - Snap shot by Quinton Howden.
9:26 of 1st period - Shot Misses the Net.
10:07 of 1st period - Wrist shot by Chris Thorburn.
10:07 of 1st period - Stopped by Mike McKenna with a rebound.
10:09 of 1st period - Slapshot by Brian Connelly.
10:09 of 1st period - Shot Blocked by Brandon Segal.
10:11 of 1st period - Slapshot by Brian Connelly.
10:11 of 1st period - Shot Misses the Net.
10:39 of 1st period - Aaron Rome is hit by Austin Watson and loses puck.
11:20 of 1st period - Peter Holland is hit by Chris Thorburn and loses puck.
11:28 of 1st period - Minor Penalty to Chris Thorburn for Interference.
11:29 of 1st period - Drew Shore wins face-off versus Gilbert Brule in Falcons zone.
12:18 of 1st period - Eric Tangradi is hit by Adam Pardy and loses puck.
12:37 of 1st period - Hal Gill is hit by Adam Pardy and loses puck.
13:02 of 1st period - Philip Varone is hit by Peter Holland and loses puck.
13:28 of 1st period - Penalty to Chris Thorburn is over, Chris Thorburn is back on ice.
13:43 of 1st period - Backhand shot by Quinton Howden.
13:43 of 1st period - Stopped by Mike McKenna with a rebound.
14:27 of 1st period - Snap shot by Matt Ellis.
14:27 of 1st period - Goal by Matt Ellis - Falcons : 1 - Pirates : 0.
14:28 of 1st period - Markus Granlund wins face-off versus Matt Ellis in neutral zone.
15:24 of 1st period - Minor Penalty to Brandon Segal for Hooking.
15:25 of 1st period - Drew Shore wins face-off versus Bobby Butler in Pirates zone.
16:12 of 1st period - Ryan Stoa is hit by Tyson Strachan and loses puck.
16:31 of 1st period - Austin Watson is hit by Ryan Stoa and loses puck.
16:58 of 1st period - Slapshot by Chris Thorburn.
16:58 of 1st period - Deflect By David Steckel.
16:58 of 1st period - Stopped by Mike McKenna with a rebound.
17:24 of 1st period - Penalty to Brandon Segal is over, Brandon Segal is back on ice.
17:38 of 1st period - Brandon Segal is hit by Tyson Strachan and loses puck.
18:13 of 1st period - Wrist shot by David Steckel.
18:13 of 1st period - Stopped by Troy Grosenick without a rebound.
18:14 of 1st period - Cal O'Reilly wins face-off versus David Steckel in Falcons zone.
18:52 of 1st period - Bobby Butler is hit by Chris Thorburn and loses puck.
19:03 of 1st period - Wrist shot by Jeff Taffe.
19:03 of 1st period - Stopped by Mike McKenna with a rebound.
Goals for this period are 1 for Falcons vs 0 for Pirates.
Shots for this period are 11 for Falcons vs 2 for Pirates.

2nd period


0:01 of 2nd period - Drew Shore wins face-off versus Gilbert Brule in neutral zone.
1:04 of 2nd period - Radek Martinek is hit by David Steckel and loses puck.
1:11 of 2nd period - Wrist shot by David Steckel.
1:11 of 2nd period - Stopped by Troy Grosenick without a rebound.
1:12 of 2nd period - Quinton Howden wins face-off versus Markus Granlund in Falcons zone.
2:50 of 2nd period - Minor Penalty to Tyson Strachan for Interference.
2:51 of 2nd period - Gilbert Brule wins face-off versus Drew Shore in Falcons zone.
2:57 of 2nd period - Backhand shot by Bobby Butler.
2:57 of 2nd period - Stopped by Troy Grosenick with a rebound.
3:36 of 2nd period - Brian Connelly is hit by Hal Gill and loses puck.
3:41 of 2nd period - Wrist shot by Eric Tangradi.
3:41 of 2nd period - Deflect By Brandon Segal.
3:41 of 2nd period - Shot Misses the Net.
3:41 of 2nd period - Puck is out of play.
3:42 of 2nd period - David Steckel wins face-off versus Drew Shore in Falcons zone.
4:15 of 2nd period - Austin Watson is hit by Bobby Butler and loses puck.
4:26 of 2nd period - Wrist shot by Jeff Taffe.
4:26 of 2nd period - Shot Blocked by Ryan Craig.
4:48 of 2nd period - David Steckel is hit by Jeff Taffe.
4:50 of 2nd period - Penalty to Tyson Strachan is over, Tyson Strachan is back on ice.
5:08 of 2nd period - Slapshot by Austin Watson.
5:08 of 2nd period - Shot Blocked by Mike Komisarek.
5:10 of 2nd period - Wrist shot by Quinton Howden.
5:10 of 2nd period - Stopped by Mike McKenna with a rebound.
5:12 of 2nd period - Snap shot by Austin Watson.
5:12 of 2nd period - Shot Misses the Net.
5:28 of 2nd period - Hal Gill is hit by Tyson Strachan and loses puck.
5:35 of 2nd period - Slapshot by Austin Watson.
5:35 of 2nd period - Shot Misses the Net.
5:56 of 2nd period - Henrik Tommernes is hit by Brian Connelly and loses puck.
6:07 of 2nd period - Slapshot by Bobby Butler.
6:07 of 2nd period - Shot Blocked by Kevin Connauton.
6:22 of 2nd period - Icing by Brian Connelly.
6:23 of 2nd period - Ryan Stoa wins face-off versus Jordan Weal in Falcons zone.
6:24 of 2nd period - Wrist shot by Peter Holland.
6:24 of 2nd period - Stopped by Troy Grosenick without a rebound.
6:25 of 2nd period - Austin Watson wins face-off versus Peter Holland in Falcons zone.
6:30 of 2nd period - Henrik Tommernes is hit by Quinton Howden and loses puck.
7:20 of 2nd period - Nick Johnson is hit by Tyson Strachan and loses puck.
7:35 of 2nd period - Slapshot by Radek Martinek.
7:35 of 2nd period - Shot Blocked by Markus Granlund.
7:37 of 2nd period - Wrist shot by Jordan Weal.
7:37 of 2nd period - Shot Blocked by Markus Granlund.
8:14 of 2nd period - Hal Gill is hit by Chris Thorburn and loses puck.
8:21 of 2nd period - Ryan Stoa is hit by Chris Thorburn and loses puck.
9:13 of 2nd period - Philip Varone is hit by Markus Granlund and loses puck.
9:26 of 2nd period - Aaron Rome is hit by Tyson Strachan.
9:53 of 2nd period - Snap shot by Quinton Howden.
9:53 of 2nd period - Stopped by Mike McKenna without a rebound.
9:54 of 2nd period - David Steckel wins face-off versus Austin Watson in Pirates zone.
10:01 of 2nd period - Wrist shot by Brandon Segal.
10:01 of 2nd period - Shot Blocked by Austin Watson.
10:17 of 2nd period - Slapshot by Markus Granlund.
10:17 of 2nd period - Deflect By Nick Johnson.
10:17 of 2nd period - Shot Blocked by Brian Dumoulin.
10:17 of 2nd period - Puck is out of play.
10:18 of 2nd period - Markus Granlund wins face-off versus Drew Shore in Falcons zone.
10:21 of 2nd period - Snap shot by Peter Holland.
10:21 of 2nd period - Stopped by Troy Grosenick with a rebound.
11:11 of 2nd period - Mitch Callahan is hit by Bobby Butler and loses puck.
11:38 of 2nd period - Aaron Rome is hit by Kevin Connauton and loses puck.
11:43 of 2nd period - Wrist shot by Chris Thorburn.
11:43 of 2nd period - Stopped by Mike McKenna with a rebound.
11:45 of 2nd period - Snap shot by Chris Thorburn.
11:45 of 2nd period - Stopped by Mike McKenna with a rebound.
12:15 of 2nd period - Wrist shot by Philip Varone.
12:15 of 2nd period - Shot Misses the Net.
13:58 of 2nd period - Wrist shot by Philip Varone.
13:58 of 2nd period - Shot Misses the Net.
14:16 of 2nd period - Snap shot by Quinton Howden.
14:16 of 2nd period - Shot Blocked by Henrik Tommernes.
14:18 of 2nd period - Slapshot by Tyson Strachan.
14:18 of 2nd period - Deflect By Markus Granlund.
14:18 of 2nd period - Stopped by Mike McKenna with a rebound.
14:20 of 2nd period - Slapshot by Tyson Strachan.
14:20 of 2nd period - Stopped by Mike McKenna with a rebound.
14:22 of 2nd period - Slapshot by Tyson Strachan.
14:22 of 2nd period - Deflect By Quinton Howden.
14:22 of 2nd period - Shot Misses the Net.
14:22 of 2nd period - Puck is out of play.
14:23 of 2nd period - Austin Watson wins face-off versus Markus Granlund in Pirates zone.
14:46 of 2nd period - Ryan Craig is hit by Chris Thorburn.
15:40 of 2nd period - Icing by Vincent LoVerde.
15:41 of 2nd period - Cal O'Reilly wins face-off versus Peter Holland in Pirates zone.
16:57 of 2nd period - Hal Gill is hit by Brian Dumoulin and loses puck.
17:24 of 2nd period - Andrew Alberts is hit by Chris Thorburn.
18:53 of 2nd period - Hal Gill is hit by Jordan Weal and loses puck.
19:06 of 2nd period - Radek Martinek is hit by Hal Gill and loses puck.
19:27 of 2nd period - Snap shot by Cal O'Reilly.
19:27 of 2nd period - Deflect By Chris Thorburn.
19:27 of 2nd period - Shot Misses the Net.
19:27 of 2nd period - Puck is out of play.
19:28 of 2nd period - Cal O'Reilly wins face-off versus Peter Holland in Pirates zone.
19:29 of 2nd period - Wrist shot by Chris Thorburn.
19:29 of 2nd period - Shot Blocked by Henrik Tommernes.
19:43 of 2nd period - Henrik Tommernes is hit by Kevin Connauton and loses puck.
Goals for this period are 0 for Falcons vs 0 for Pirates.
Shots for this period are 6 for Falcons vs 4 for Pirates.

3rd period


0:01 of 3rd period - Drew Shore wins face-off versus Gilbert Brule in neutral zone.
0:08 of 3rd period - Slapshot by Kevin Connauton.
0:08 of 3rd period - Shot Misses the Net.
0:10 of 3rd period - Snap shot by Drew Shore.
0:10 of 3rd period - Stopped by Mike McKenna with a rebound.
0:21 of 3rd period - Minor Penalty to Ryan Craig for Roughing.
0:22 of 3rd period - Bobby Butler wins face-off versus Drew Shore in Pirates zone.
1:05 of 3rd period - Icing by Tyson Strachan.
1:06 of 3rd period - Bobby Butler wins face-off versus Austin Watson in Falcons zone.
2:05 of 3rd period - Wrist shot by Ryan Stoa.
2:05 of 3rd period - Stopped by Troy Grosenick with a rebound.
2:21 of 3rd period - Penalty to Ryan Craig is over, Ryan Craig is back on ice.
2:35 of 3rd period - Snap shot by Ryan Craig.
2:35 of 3rd period - Stopped by Troy Grosenick with a rebound.
2:37 of 3rd period - Snap shot by Markus Granlund.
2:37 of 3rd period - Goal by Markus Granlund - Falcons : 1 - Pirates : 1.
2:38 of 3rd period - David Steckel wins face-off versus Matt Ellis in neutral zone.
2:59 of 3rd period - Snap shot by Kevin Connauton.
2:59 of 3rd period - Stopped by Mike McKenna without a rebound.
3:00 of 3rd period - Drew Shore wins face-off versus Markus Granlund in Pirates zone.
4:39 of 3rd period - Snap shot by Gilbert Brule.
4:39 of 3rd period - Shot Blocked by Adam Pardy.
4:41 of 3rd period - Minor Penalty to Tyson Strachan for Roughing.
4:42 of 3rd period - Gilbert Brule wins face-off versus Drew Shore in Falcons zone.
5:13 of 3rd period - Wrist shot by David Steckel.
5:13 of 3rd period - Stopped by Troy Grosenick without a rebound.
5:14 of 3rd period - David Steckel wins face-off versus Drew Shore in Falcons zone.
5:51 of 3rd period - Wrist shot by Jeff Taffe.
5:51 of 3rd period - Shot Misses the Net.
5:53 of 3rd period - Wrist shot by Jeff Taffe.
5:53 of 3rd period - Shot Misses the Net.
5:55 of 3rd period - Slapshot by Drew Shore.
5:55 of 3rd period - Shot Hit the Post.
6:31 of 3rd period - Snap shot by Chris Thorburn.
6:31 of 3rd period - Shot Misses the Net.
6:41 of 3rd period - Penalty to Tyson Strachan is over, Tyson Strachan is back on ice.
7:20 of 3rd period - Snap shot by Jordan Weal.
7:20 of 3rd period - Shot Blocked by Nick Johnson.
7:22 of 3rd period - Snap shot by Matt Ellis.
7:22 of 3rd period - Shot Misses the Net.
7:24 of 3rd period - Snap shot by Radek Martinek.
7:24 of 3rd period - Deflect By Jeff Hoggan.
7:24 of 3rd period - Stopped by Mike McKenna without a rebound.
7:25 of 3rd period - Austin Watson wins face-off versus Markus Granlund in Pirates zone.
7:28 of 3rd period - Snap shot by Mitch Callahan.
7:28 of 3rd period - Shot Misses the Net.
8:03 of 3rd period - Wrist shot by Jordan Weal.
8:03 of 3rd period - Stopped by Mike McKenna without a rebound.
8:04 of 3rd period - Jordan Weal wins face-off versus David Steckel in Pirates zone.
8:19 of 3rd period - Wrist shot by Eric Tangradi.
8:19 of 3rd period - Shot Misses the Net.
8:21 of 3rd period - Snap shot by Mike Komisarek.
8:21 of 3rd period - Deflect By Brandon Segal.
8:21 of 3rd period - Shot Misses the Net.
8:21 of 3rd period - Puck is out of play.
8:22 of 3rd period - David Steckel wins face-off versus Cal O'Reilly in Falcons zone.
8:23 of 3rd period - Snap shot by Brandon Segal.
8:23 of 3rd period - Stopped by Troy Grosenick with a rebound.
8:27 of 3rd period - Snap shot by Eric Tangradi.
8:27 of 3rd period - Shot Misses the Net.
8:29 of 3rd period - Slapshot by Hal Gill.
8:29 of 3rd period - Shot Misses the Net.
8:31 of 3rd period - Slapshot by Hal Gill.
8:31 of 3rd period - Shot Misses the Net.
8:33 of 3rd period - Snap shot by Mike Komisarek.
8:33 of 3rd period - Shot Blocked by Drew Shore.
8:35 of 3rd period - Snap shot by David Steckel.
8:35 of 3rd period - Stopped by Troy Grosenick without a rebound.
8:36 of 3rd period - Cal O'Reilly wins face-off versus Markus Granlund in Falcons zone.
8:42 of 3rd period - Minor Penalty to Tyson Strachan for Cross-checking.
8:43 of 3rd period - Drew Shore wins face-off versus Gilbert Brule in Falcons zone.
9:23 of 3rd period - Hal Gill is hit by Adam Pardy and loses puck.
10:04 of 3rd period - Brian Dumoulin is hit by Ryan Craig and loses puck.
10:39 of 3rd period - Ryan Craig is hit by Chris Thorburn and loses puck.
10:42 of 3rd period - Penalty to Tyson Strachan is over, Tyson Strachan is back on ice.
11:11 of 3rd period - Icing by Kevin Connauton.
11:12 of 3rd period - Markus Granlund wins face-off versus Jordan Weal in Falcons zone.
11:15 of 3rd period - Slapshot by Nick Johnson.
11:15 of 3rd period - Deflect By Markus Granlund.
11:15 of 3rd period - Shot Misses the Net.
11:15 of 3rd period - Puck is out of play.
11:16 of 3rd period - Markus Granlund wins face-off versus Jordan Weal in Falcons zone.
11:38 of 3rd period - Slapshot by Kevin Connauton.
11:38 of 3rd period - Stopped by Mike McKenna with a rebound.
11:40 of 3rd period - Slapshot by Brian Connelly.
11:40 of 3rd period - Deflect By Nick Johnson.
11:40 of 3rd period - Stopped by Mike McKenna with a rebound.
11:42 of 3rd period - Snap shot by Jordan Weal.
11:42 of 3rd period - Stopped by Mike McKenna with a rebound.
11:52 of 3rd period - Henrik Tommernes is hit by Jeff Hoggan and loses puck.
12:11 of 3rd period - Wrist shot by Quinton Howden.
12:11 of 3rd period - Stopped by Mike McKenna with a rebound.
12:27 of 3rd period - Slapshot by Quinton Howden.
12:27 of 3rd period - Stopped by Mike McKenna without a rebound.
12:28 of 3rd period - Peter Holland wins face-off versus Drew Shore in Pirates zone.
12:37 of 3rd period - Snap shot by Ryan Stoa.
12:37 of 3rd period - Deflect By Peter Holland.
12:37 of 3rd period - Stopped by Troy Grosenick without a rebound.
12:38 of 3rd period - Drew Shore wins face-off versus Peter Holland in Falcons zone.
12:38 of 3rd period - Drew Shore is hit by Mike Komisarek.
12:56 of 3rd period - Snap shot by Chris Thorburn.
12:56 of 3rd period - Stopped by Mike McKenna without a rebound.
12:57 of 3rd period - Jordan Weal wins face-off versus David Steckel in Pirates zone.
13:16 of 3rd period - Wrist shot by Eric Tangradi.
13:16 of 3rd period - Deflect By Brandon Segal.
13:16 of 3rd period - Stopped by Troy Grosenick with a rebound.
13:18 of 3rd period - Snap shot by Andrew Alberts.
13:18 of 3rd period - Deflect By Jordan Weal.
13:18 of 3rd period - Stopped by Troy Grosenick with a rebound.
13:20 of 3rd period - Slapshot by Aaron Rome.
13:20 of 3rd period - Deflect By Jordan Weal.
13:20 of 3rd period - Stopped by Troy Grosenick with a rebound.
13:22 of 3rd period - Snap shot by David Steckel.
13:22 of 3rd period - Shot Misses the Net.
13:55 of 3rd period - Snap shot by Quinton Howden.
13:55 of 3rd period - Shot Misses the Net.
14:20 of 3rd period - Snap shot by Quinton Howden.
14:20 of 3rd period - Shot Blocked by Hal Gill.
14:36 of 3rd period - Wrist shot by Peter Holland.
14:36 of 3rd period - Shot Misses the Net.
14:55 of 3rd period - Brandon Segal is hit by Drew Shore and loses puck.
15:28 of 3rd period - Snap shot by Bobby Butler.
15:28 of 3rd period - Shot Blocked by Cal O'Reilly.
16:10 of 3rd period - Snap shot by Peter Holland.
16:10 of 3rd period - Deflect By Cal O'Reilly.
16:10 of 3rd period - Shot Misses the Net.
16:10 of 3rd period - Puck is out of play.
16:11 of 3rd period - Peter Holland wins face-off versus Austin Watson in Falcons zone.
17:06 of 3rd period - Tyson Strachan is hit by David Steckel and loses puck.
18:23 of 3rd period - Slapshot by Kevin Connauton.
18:23 of 3rd period - Stopped by Mike McKenna without a rebound.
18:24 of 3rd period - David Steckel wins face-off versus Austin Watson in Pirates zone.
19:25 of 3rd period - Drew Shore is hit by Brandon Segal and loses puck.
19:48 of 3rd period - Wrist shot by Bobby Butler.
19:48 of 3rd period - Stopped by Troy Grosenick with a rebound.
Goals for this period are 0 for Falcons vs 1 for Pirates.
Shots for this period are 11 for Falcons vs 11 for Pirates.

Overtime #1


0:01 of 1st overtime period - Drew Shore wins face-off versus Bobby Butler in neutral zone.
0:15 of 1st overtime period - Snap shot by Bobby Butler.
0:15 of 1st overtime period - Shot Blocked by Adam Pardy.
0:29 of 1st overtime period - Slapshot by Radek Martinek.
0:29 of 1st overtime period - Shot Blocked by Mike Komisarek.
0:54 of 1st overtime period - Bobby Butler is hit by Jeff Taffe and loses puck.
1:47 of 1st overtime period - Wrist shot by Peter Holland.
1:47 of 1st overtime period - Stopped by Troy Grosenick without a rebound.
1:48 of 1st overtime period - Jordan Weal wins face-off versus Peter Holland in Falcons zone.
1:59 of 1st overtime period - Slapshot by Nick Johnson.
1:59 of 1st overtime period - Shot Misses the Net.
2:01 of 1st overtime period - Slapshot by Hal Gill.
2:01 of 1st overtime period - Shot Blocked by Radek Martinek.
2:13 of 1st overtime period - Slapshot by Peter Holland.
2:13 of 1st overtime period - Deflect By Jordan Weal.
2:13 of 1st overtime period - Shot Misses the Net.
2:13 of 1st overtime period - Puck is out of play.
2:14 of 1st overtime period - Bobby Butler wins face-off versus Drew Shore in Falcons zone.
2:15 of 1st overtime period - Slapshot by Aaron Rome.
2:15 of 1st overtime period - Shot Misses the Net.
2:21 of 1st overtime period - Aaron Rome is hit by Jeff Taffe and loses puck.
2:30 of 1st overtime period - Wrist shot by Jeff Taffe.
2:30 of 1st overtime period - Stopped by Mike McKenna with a rebound.
2:32 of 1st overtime period - Slapshot by Kevin Connauton.
2:32 of 1st overtime period - Shot Blocked by Bobby Butler.
2:42 of 1st overtime period - Slapshot by Kevin Connauton.
2:42 of 1st overtime period - Stopped by Mike McKenna with a rebound.
2:59 of 1st overtime period - Slapshot by Kevin Connauton.
2:59 of 1st overtime period - Shot Misses the Net.
3:42 of 1st overtime period - Wrist shot by Markus Granlund.
3:42 of 1st overtime period - Stopped by Troy Grosenick without a rebound.
3:43 of 1st overtime period - Drew Shore wins face-off versus Peter Holland in Falcons zone.
3:54 of 1st overtime period - Slapshot by Peter Holland.
3:54 of 1st overtime period - Shot Misses the Net.
3:56 of 1st overtime period - Snap shot by Hal Gill.
3:56 of 1st overtime period - Stopped by Troy Grosenick with a rebound.
4:12 of 1st overtime period - Wrist shot by Nick Johnson.
4:12 of 1st overtime period - Stopped by Troy Grosenick with a rebound.
4:14 of 1st overtime period - Slapshot by Hal Gill.
4:14 of 1st overtime period - Shot Hit the Post.
4:16 of 1st overtime period - Slapshot by Hal Gill.
4:16 of 1st overtime period - Stopped by Troy Grosenick with a rebound.
4:18 of 1st overtime period - Slapshot by Mike Komisarek.
4:18 of 1st overtime period - Shot Blocked by Brian Connelly.
4:47 of 1st overtime period - Off-side.
4:48 of 1st overtime period - Peter Holland wins face-off versus Chris Thorburn in neutral zone.
Goals for this period are 0 for Falcons vs 0 for Pirates.
Shots for this period are 2 for Falcons vs 5 for Pirates.

ShootOut


5:00 of 1st overtime period - Penalty Shot by Drew Shore for Falcons.
5:00 of 1st overtime period - Backhand shot by Drew Shore.
5:00 of 1st overtime period - Shot Misses the Net.
5:00 of 1st overtime period - Penalty Shot by Bobby Butler for Pirates.
5:00 of 1st overtime period - Backhand shot by Bobby Butler.
5:00 of 1st overtime period - Shot Misses the Net.
5:00 of 1st overtime period - Penalty Shot by Jeff Taffe for Falcons.
5:00 of 1st overtime period - Wrist shot by Jeff Taffe.
5:00 of 1st overtime period - Goal by Jeff Taffe.
5:00 of 1st overtime period - Penalty Shot by Gilbert Brule for Pirates.
5:00 of 1st overtime period - Wrist shot by Gilbert Brule.
5:00 of 1st overtime period - Goal by Gilbert Brule.
5:00 of 1st overtime period - Penalty Shot by Chris Thorburn for Falcons.
5:00 of 1st overtime period - Deke by Chris Thorburn.
5:00 of 1st overtime period - Stopped by Mike McKenna.
5:00 of 1st overtime period - Penalty Shot by David Steckel for Pirates.
5:00 of 1st overtime period - Wrist shot by David Steckel.
5:00 of 1st overtime period - Stopped by Troy Grosenick.
5:00 of 1st overtime period - Penalty Shot by Austin Watson for Falcons.
5:00 of 1st overtime period - Snap shot by Austin Watson.
5:00 of 1st overtime period - Goal by Austin Watson.
5:00 of 1st overtime period - Penalty Shot by Markus Granlund for Pirates.
5:00 of 1st overtime period - Deke by Markus Granlund.
5:00 of 1st overtime period - Stopped by Troy Grosenick.


Output by the SimonT Hockey Simulator (STHS) for Eric Dolegowski -- Original Page W3C XHTML 1.0 Valid
Hockey Simulator - Hockey Simulation - Hockey Manager